 Dungeon Crawl Stone Soup version 0.23-a0-577-g2b1de94 (webtiles) character file.

4011 ilii the Summoner (level 10, -9/79 HPs)
             Began as a Merfolk Summoner on Dec 15, 2018.
             Was an Initiate of Sif Muna.
             Mangled by a black mamba (13 damage)
             ... on level 1 of the Lair of Beasts.
             The game lasted 01:02:52 (15941 turns).

ilii the Summoner (Merfolk Summoner)               Turns: 15941, Time: 01:02:52

Health: -9/79      AC:  8    Str:  9    XL:     10   Next: 23%
Magic:  4/19       EV: 15    Int: 21    God:    Sif Muna [......]
Gold:   626        SH:  0    Dex: 15    Spells: 9/21 levels left

rFire    + . .     SeeInvis .   n - +4 shortbow of Gozag's Whim {flame, +Blink Int+4}
rCold    . . .     Gourm    .   (shield currently unavailable)
rNeg     . . .     Faith    .   k - +1 leather armour {MR+}
rPois    .         Spirit   .   h - +1 helmet
rElec    .         Reflect  .   f - +0 cloak
rCorr    .         Harm     .   (no gloves)
MR       ++...                  j - +0 pair of boots
Stlth    ++........             (no amulet)
HPRegen  0.23/turn              o - ring of protection from fire
MPRegen  0.16/turn              r - ring of protection from magic

@: lethally poisoned (-9 -> -35)
A: change form in water, swift swim, stealthy swim
a: Renounce Religion, Evoke Blink


You were on level 1 of the Lair of Beasts.
You worshipped Sif Muna.
Sif Muna was noncommittal.
You were hungry.

You visited 3 branches of the dungeon, and saw 11 of its levels.

You collected 626 gold pieces.

Inventory:

Hand Weapons
 l - the +0 morningstar "Iczueh" {pain, Int+4}
   (You took it off a crimson imp on level 8 of the Dungeon)

   In the hands of one skilled in necromantic magic, it inflicts extra damage on
   living creatures.
   It affects your intelligence (+4).
 n - the +4 shortbow of Gozag's Whim (weapon) {flame, +Blink Int+4}
   (You took it off a crimson imp on level 8 of the Dungeon)

   It causes projectiles fired from it to burn those they strike, causing extra
   injury to most foes and up to half again as much damage against particularly
   susceptible opponents.
   It affects your intelligence (+4).
   It lets you blink.
Missiles
 d - 15 arrows (quivered)
Armour
 f - a +0 cloak (worn)
 h - a +1 helmet (worn)
 j - a +0 pair of boots (worn)
 k - a +1 leather armour of magic resistance (worn)
Jewellery
 g - an uncursed ring of wizardry
 o - a ring of protection from fire (left hand)
 q - an uncursed ring of see invisible
 r - a ring of protection from magic (right hand)
Wands
 b - a wand of enslavement (14)
Scrolls
 s - 2 scrolls of enchant armour
 u - a scroll of identify
 w - a scroll of remove curse
 x - a scroll of amnesia {unknown}
Potions
 a - a potion of berserk rage
 e - a potion of might
 i - a potion of cancellation
 m - a potion of magic
 v - 2 potions of flight
Comestibles
 c - 13 rations
 t - 3 chunks of flesh


   Skills:
 + Level 7.0 Fighting
 + Level 5.9 Dodging
 - Level 2.1 Stealth
 + Level 6.2 Spellcasting
 - Level 9.2 Summonings
 - Level 3.1 Ice Magic
 - Level 3.0 Air Magic
 * Level 3.7 Evocations


You had 9 spell levels left.
You knew the following spells:

 Your Spells              Type           Power        Failure   Level  Hunger
a - Summon Ice Beast      Ice/Summ       ####....     11%         4    ###....
e - Summon Lightning Spi  Summ/Air       ####....     11%         4    ###....
s - Call Canine Familiar  Summ           #####...     1%          3    #......
z - Summon Small Mammal   Summ           ####         1%          1    None

Your spell library contained the following spells:

 Spells                   Type           Power        Failure   Level  Hunger
 Call Imp                 Summ           #####...     1%          2    None
 Summon Guardian Golem    Hex/Summ       ####....     6%          3    #......
 Ensorcelled Hibernation  Hex/Ice        ##....       11%         2    None
 Corona                   Hex            #......      14%         1    None
 Slow                     Hex            #.......     21%         2    None
 Confuse                  Hex            #.......     38%         3    #......
 Dazzling Spray           Conj/Hex       #.....       38%         3    #......
 Inner Flame              Hex/Fire       #.......     38%         3    #......
 Portal Projectile        Hex/Tloc       #.....       38%         3    #......
 Tukima's Dance           Hex            #.......     38%         3    #......
 Cause Fear               Hex            #.........   80%         4    ###....
 Leda's Liquefaction      Hex/Erth       #.........   80%         4    ###....


Dungeon Overview and Level Annotations

Branches:
Dungeon (9/15)             Temple (1/1) D:5            Lair (1/6) D:9
    Orc: D:9-12

Altars:
Ashenzari
Cheibriados
Dithmenos
Elyvilon
Fedhas
Gozag
Hepliaklqana
Kikubaaqudgha
Makhleb
Nemelex Xobeh
Okawaru
Qazlal
Ru
Sif Muna
Trog
Uskayaw
Vehumet
Wu Jian
Xom
Yredelemnul
Zin
The Shining One

Shops:
D:4 *


Message History

The black mamba bites you but does no damage.
You feel sick. The black mamba bites you!
You are lethally poisoned!
The black mamba poisons you! The black mamba barely misses you.
You feel very sick. The black mamba bites you!
* * * LOW HITPOINT WARNING * * *
Your ice beast hits the black mamba but does no damage.
* * * LOW HITPOINT WARNING * * *
You feel very sick.
The black mamba bites your ice beast! x2
Your ice beast dies!
* * * LOW HITPOINT WARNING * * *
You feel very sick.
* * * LOW HITPOINT WARNING * * *
You feel very sick.
* * * LOW HITPOINT WARNING * * *
You feel very sick. The black mamba bites you!
You die...

### #### ###
#########.#####..###.######
...............(..........#
.............(..†..........#
#..........S@........#..P..#
####...#####.####...###....#
##..# ### #..### #....# #..#
##..# #.... ### ##..# #
#...# ##..
##P####..##.##P####...## #.
##.................F....##
#........................###
.....#..#...#........#.....#


You could see a black mamba.

Vanquished Creatures
  A two-headed ogre (D:8)
  A hungry ghost (D:9)
  An orc warrior (D:6)
  3 wolves
  A centaur (D:7)
  An orc priest (D:5)
  4 hounds
  A bullfrog skeleton (D:7)
  A centaur skeleton (D:8)
  An iguana (D:6)
  2 worker ants
  An orc wizard (D:5)
  A worker ant zombie (D:5)
  An adder (D:6)
  An orc (D:9)
  2 goblins (D:2)
  3 frilled lizards
  A kobold (D:7)
  A leopard gecko skeleton (D:8)
28 creatures vanquished.

Vanquished Creatures (collateral kills)
  Maurice (D:8)
  Psyche (D:9)
  2 trolls (D:9)
  A hornet (D:8)
  3 blink frogs (Lair:1)
  A steam dragon (D:8)
  A water moccasin (D:8)
  Duvessa (D:4)
  A sky beast (D:8)
  An orc warrior (D:5)
  An ice beast (D:9)
  An eye of draining (D:6)
  5 ogres
  A wolf (D:9)
  5 centaurs
  4 big kobolds
  5 bullfrogs
  4 scorpions
  Dowan (D:4)
  3 howler monkeys
  10 wights
  2 electric eels
  4 crimson imps
  A hound (D:4)
  4 orc priests
  A jelly (D:9)
  A bullfrog skeleton (D:6)
  2 iguanas
  8 orc wizards
  4 worker ants
  A hound zombie (D:8)
  Robin (D:2)
  11 adders
  A shadow imp (D:7)
  An ooze (D:3)
  An adder zombie (D:5)
  2 adder skeletons
  3 worms
  2 dart slugs
  4 leopard geckos
  27 orcs
  10 bats
  3 giant cockroaches
  3 hobgoblins
  11 jackals
  3 quokkas
  A ball python (D:1)
  3 frilled lizards
  13 goblins
  21 kobolds
  A leopard gecko zombie (D:6)
  3 quokka skeletons
  5 rats
211 creatures vanquished.

Vanquished Creatures (others)
  A kobold (D:8)
1 creature vanquished.

Grand Total: 240 creatures vanquished

Notes
Turn   | Place    | Note
-------+----------+-------------------------------------------
     0 | D:1      | ilii the Merfolk Summoner began the quest for the Orb.
     0 | D:1      | Reached XP level 1. HP: 13/13 MP: 3/3
   777 | D:1      | Reached XP level 2. HP: 20/20 MP: 0/5
  1180 | D:2      | Found a bloodstained altar of Trog.
  1239 | D:2      | Noticed Robin
  1272 | D:2      | Killed Robin
  1272 | D:2      | Reached skill level 1 in Fighting
  1841 | D:2      | Reached XP level 3. HP: 15/26 MP: 1/6
  1847 | D:1      | Learned a level 3 spell: Call Canine Familiar
  2613 | D:2      | Reached XP level 4. HP: 30/32 MP: 0/7
  3299 | D:3      | Noticed a bullfrog
  3309 | D:3      | Killed a bullfrog
  3309 | D:3      | Reached skill level 5 in Summonings
  3315 | D:3      | Learned a level 4 spell: Summon Lightning Spire
  3408 | D:3      | Found an opulent altar of Gozag.
  4060 | D:3      | Reached XP level 5. HP: 38/38 MP: 3/9
  4763 | D:4      | Reached skill level 1 in Air Magic
  5091 | D:4      | Found Woexasui's Whimsical Warehouse.
  5131 | D:4      | Reached XP level 6. HP: 41/46 MP: 7/10
  5274 | D:4      | Found an ornate altar of the Wu Jian Council.
  5300 | D:4      | Found a white marble altar of Elyvilon.
  5329 | D:4      | Noticed Dowan
  5433 | D:4      | Noticed Duvessa
  5980 | D:5      | Entered Level 5 of the Dungeon
  6046 | D:5      | Noticed an orc warrior
  6342 | D:4      | You fall through a shaft!
  6447 | D:5      | Found a staircase to the Ecumenical Temple.
  6514 | Temple   | Entered the Ecumenical Temple
  7123 | D:5      | Killed an orc warrior
  7123 | D:5      | Reached skill level 6 in Summonings
  7123 | D:5      | Reached XP level 7. HP: 42/52 MP: 3/12
  7520 | D:4      | Killed Dowan
  7897 | D:4      | Found Woexasui's Whimsical Warehouse.
  7972 | D:4      | Found an ornate altar of the Wu Jian Council.
  8025 | D:4      | Killed Duvessa
  8143 | D:5      | Found a sparkling altar of Nemelex Xobeh.
  8460 | D:6      | Found a shattered altar of Ashenzari.
  8504 | D:6      | Found a hide-covered altar of Uskayaw.
  8744 | D:6      | Learned a level 4 spell: Summon Ice Beast
  9369 | D:5      | Reached skill level 1 in Ice Magic
  9695 | D:6      | Reached XP level 8. HP: 60/60 MP: 10/13
 10321 | D:6      | Reached skill level 7 in Summonings
 10352 | D:6      | Found a glowing golden altar of the Shining One.
 12022 | D:8      | Reached skill level 5 in Fighting
 12085 | D:8      | Reached skill level 8 in Summonings
 12089 | D:8      | Noticed Maurice
 12159 | D:8      | Noticed a two-headed ogre
 12401 | D:8      | Found a shimmering altar of Xom.
 12401 | D:8      | Found a glowing silver altar of Zin.
 12401 | D:8      | Noticed an angel
 12433 | D:8      | Reached XP level 9. HP: 26/68 MP: 3/16
 12632 | D:8      | Found a blossoming altar of Fedhas.
 12646 | D:8      | Identified the cursed +0 morningstar "Iczueh" {pain, Int+4}
 12741 | D:8      | Reached skill level 5 in Spellcasting
 13077 | D:8      | Noticed a hornet
 13097 | D:8      | Killed a hornet
 13114 | D:8      | Killed Maurice
 13316 | D:8      | Identified the +4 shortbow of Gozag's Whim {flame, +Blink
                  | Int+4}
 13445 | D:8      | Killed a two-headed ogre
 13445 | D:8      | Reached skill level 9 in Summonings
 14097 | D:8      | Found a deep blue altar of Sif Muna.
 14097 | D:8      | Found a stormy altar of Qazlal.
 14101 | D:8      | Became a worshipper of Sif Muna the Loreminder
 14525 | D:9      | Found a staircase to the Lair.
 14555 | D:9      | Noticed a troll
 14556 | D:9      | Noticed a troll
 14785 | D:9      | Noticed Psyche
 14796 | D:8      | Reached skill level 1 in Evocations
 15041 | D:9      | Reached skill level 5 in Dodging
 15198 | D:9      | Killed Psyche
 15209 | D:9      | Killed a troll
 15209 | D:9      | Reached XP level 10. HP: 77/77 MP: 10/19
 15813 | Lair:1   | Entered Level 1 of the Lair of Beasts
 15896 | Lair:1   | Noticed a black mamba
 15941 | Lair:1   | Mangled by a black mamba

Vault maps used:
D:1:      dpeg_arrival_ternary
D:2:      overflow_temple_1_default, grunt_decor_cap, uniq_robin
D:3:      old_standard_altar
D:4:      overflow_temple_1_default, kennysheep_little_box, first_ration,
          nicolae_alphabet_shops, minmay_misc_feat_doors, uniq_duvessa
D:5:      minmay_temple_entry_stoned_glass, minmay_liquid_box,
          nemelex_spade_bored_becter
D:6:      nicolae_overflow_hidden_temple, lightli_minifort
D:8:      minmay_cut_squares, grunt_temple_overflow_order_and_chaos_1,
          fedhas_altar_2, gammafunk_temple_overflow_wave,
          minmay_misc_feat_tower, uniq_maurice
D:9:      erik_lair_island, uniq_psyche
Temple:   jpeg_temple_alley_garden
Lair:1:   gammafunk_ghost_cemetery, grunt_megastairs_2, lemuel_fruit_fields

Skill      XL: |  1  2  3  4  5  6  7  8  9 10 |
---------------+-------------------------------+-----
Fighting       | 1 2 3 5 6 7 |  7.0
Summonings     | 5 6 8 9 |  9.2
Spellcasting   | 3 4 6 |  6.2
Air Magic      | 1 2 3 |  3.0
Ice Magic      | 1 3 |  3.1
Dodging        | 5 |  5.9
Evocations     | 2 3 |  3.7
Stealth        | |  2.1

Action                   |  1- 3 |  4- 6 |  7- 9 | 10-12 || total
-------------------------+-------+-------+-------+-------++-------
Melee: Unarmed           |    22 |    47 |       |       ||    69
       Short sword       |       |       |    37 |       ||    37
       Trident           |       |       |    60 |       ||    60
       Morningstar       |       |       |    16 |       ||    16
 Fire: Shortbow          |       |       |    19 |    18 ||    37
 Cast: Summon Small Mamm |    74 |    69 |    62 |     2 ||   207
       Call Canine Famil |     8 |    39 |    59 |     2 ||   108
       Summon Lightning  |       |     3 |    19 |     1 ||    23
       Summon Ice Beast  |       |       |    38 |    12 ||    50
  Use: Potion            |     1 |     7 |     1 |     2 ||    11
       Scroll            |     1 |     9 |     7 |     2 ||    19
 Stab: Distracted        |       |       |     2 |       ||     2
       Sleeping          |       |       |     1 |       ||     1
  Eat: Chunk             |     7 |    12 |    26 |     5 ||    50
       Ration            |       |     2 |     4 |       ||     6
Armor: Robe              |    33 |    36 |       |       ||    69
       Leather armour    |       |       |    71 |    10 ||    81
Dodge: Dodged            |    87 |    91 |   179 |    22 ||   379

Table legend:
 A = Non-vault XP
 B = Vault XP
 C = Vault XP percentage of total XP
 D = Non-vault monster count
 E = Vault monster count
 F = Vault count percentage of total count
                 A         B        C        D         E       F
            +---------+---------+-------+---------+---------+-------
      Total |    3497 |    2233 |  39.0 |     201 |      37 |  15.5
            +---------+---------+-------+---------+---------+-------
        D:1 |      16 |       0 |   0.0 |      15 |       0 |   0.0
        D:2 |      59 |      22 |  27.2 |      27 |      13 |  32.5
        D:3 |      81 |       0 |   0.0 |      13 |       0 |   0.0
        D:4 |     187 |     112 |  37.5 |      19 |       2 |   9.5
        D:5 |     409 |      33 |   7.5 |      25 |       1 |   3.8
        D:6 |     488 |     103 |  17.4 |      25 |       4 |  13.8
        D:7 |     481 |       0 |   0.0 |      27 |       0 |   0.0
        D:8 |    1124 |     982 |  46.6 |      37 |       8 |  17.8
        D:9 |     652 |     579 |  47.0 |      13 |       6 |  31.6
     Lair:1 |       0 |     402 | 100.0 |       0 |       3 | 100.0
            +---------+---------+-------+---------+---------+-------
